 Dungeon Crawl Stone Soup version 0.19.5 (webtiles) character file.

6580 Azzok the Carver (level 10, -1/94 HPs)
             Began as a Minotaur Fighter on June 9, 2017.
             Was a High Priest of Okawaru.
             Slain by a hill giant
             ... wielding a +0 giant spiked club
              (15 damage)
             ... on level 10 of the Dungeon.
             The game lasted 00:16:59 (8733 turns).

Azzok the Carver (Minotaur Fighter)                 Turns: 8733, Time: 00:17:01

Health: -1/94      AC: 19    Str: 28    XL:     10   Next: 71%
Magic:  13/14      EV:  8    Int:  5    God:    Okawaru [*****.]
Gold:   481        SH: 12    Dex: 11    Spells: 0 memorised, 9 levels left

rFire  x . .     SeeInvis .     a - +0 long sword
rCold  + . .     Gourm    .     M - +0 plate armour
rNeg   . . .     Faith    .     c - +0 shield
rPois  .         Spirit   .     i - +0 hat
rElec  .         Reflect  .     w - +2 cloak
rCorr  .         Harm     .     (no gloves)
MR     .....                    r - +1 pair of boots
Stlth  ..........               k - amulet of regeneration
                                L - ring of stealth
                                y - ring of ice

@: mighty, heroism
A: retaliatory headbutt, horns 2
a: Heroism, Finesse, Renounce Religion


You were on level 10 of the Dungeon.
You worshipped Okawaru.
Okawaru was extremely pleased with you.
You were not hungry.

You visited 2 branches of the dungeon, and saw 11 of its levels.

You collected 481 gold pieces.

Inventory:

Hand Weapons
 a - a +0 long sword (weapon)
 F - a +0 shortbow
Missiles
 o - 276 arrows
Armour
 c - a +0 shield (worn)
 i - a +0 hat (worn)
 r - a +1 pair of boots (worn)
 w - a +2 cloak (worn)
 M - a +0 plate armour (worn)
Jewellery
 k - an amulet of regeneration (around neck)
 y - a ring of ice (left hand)
 L - a ring of stealth (right hand)
Wands
 E - a wand of polymorph (15/24)
 N - a wand of lightning (4/15)
Scrolls
 b - a scroll of immolation {unknown}
 e - a scroll of random uselessness {unknown}
 g - 4 scrolls of fear {unknown}
 h - 2 scrolls of recharging {unknown}
 l - 2 scrolls of remove curse {unknown}
 n - 7 scrolls of identify {unknown}
 s - 4 scrolls of amnesia {unknown}
 t - 4 scrolls of teleportation {unknown}
 H - 3 scrolls of enchant armour {unknown}
 O - a scroll of blinking {unknown}
 P - a scroll of magic mapping {unknown}
Potions
 m - a potion of berserk rage {unknown}
 p - 3 potions of brilliance {unknown}
 q - 2 potions of degeneration {unknown}
 v - 3 potions of heal wounds {unknown}
 x - 4 potions of curing {unknown}
 z - 2 potions of flight {unknown}
 B - 2 potions of invisibility {unknown}
 C - 5 potions of haste {unknown}
 G - a potion of lignification {unknown}
 I - a potion of agility {unknown}
 J - 2 potions of mutation {unknown}
Comestibles
 f - 9 bread rations {@e1}
 j - 10 beef jerkies
 u - 2 royal jellies
 A - 2 slices of pizza
 D - 10 chunks of flesh {@w0}
 K - 4 meat rations {@e2}


   Skills:
 + Level 10.5(15.5) Fighting
 + Level 11.9(16.9) Long Blades
 + Level 7.6(12.6) Bows
 - Level 3.6(8.6) Armour
 - Level 3.6(8.6) Shields
 + Level 7.0 Invocations


You had 9 spell levels left.
You didn't know any spells.

Dungeon Overview and Level Annotations

Branches:
Dungeon (10/15)            Temple (1/1) D:5            Lair (0/6) D:10
    Orc (0/2) D:10

Altars:
Ashenzari
Cheibriados
Dithmenos
Elyvilon
Fedhas
Gozag
Hepliaklqana
Kikubaaqudgha
Makhleb
Nemelex Xobeh
Okawaru
Qazlal
Ru
Sif Muna
Trog
Uskayaw
Vehumet
Xom
Yredelemnul
Zin
The Shining One
Lugonu

Shops:
D:5 *


Innate Abilities, Weirdness & Mutations

You reflexively headbutt those who attack you in melee.
You have a pair of horns on your head.


Message History

The hill giant hits you with a giant spiked club!!
* * * LOW HITPOINT WARNING * * *
You take 23 damage, and have 10/94 hp.
MASSIVE DAMAGE!!
You now have 12/14 mp.
You hit the hill giant. You headbutt the hill giant.
The hill giant is lightly wounded.
You hit the hill giant.
The hill giant is lightly wounded.
The hill giant hits you with a giant spiked club.
* * * LOW HITPOINT WARNING * * *
You take 1 damage, and have 12/94 hp.
You barely miss the hill giant.
The hill giant is lightly wounded.
You hit the hill giant but do no damage.
The hill giant is lightly wounded.
You block the hill giant's attack.
You feel very mighty all of a sudden.
You slice the hill giant!!
The hill giant is heavily wounded.
The hill giant hits you with a giant spiked club!
You die...

··▒
▒·▒
▒▒▒
▒·▒
▒·▒
▒·▒
▒·▒
▒·▒▒
▒··▒
▒▒·▒
▒@▒
▒C▒
▒·▒
▒·▒
▒·▒
▒·▒
▒·▒
▒·▒
··▒


You could see a hill giant.

Vanquished Creatures
  An unseen horror (D:10)
  A deep elf mage (D:9)
  A centaur zombie (D:10)
  Grinder (D:5)
  2 two-headed ogres (D:9)
  2 hippogriffs
  6 yaks (D:9)
  Menkaure (D:5)
  A mottled dragon (D:10)
  3 ice beasts
  3 sky beasts
  2 orc warriors
  A phantom (D:6)
  A black bear (D:10)
  4 centaurs
  2 ogres (D:7)
  Blork the orc (D:4)
  3 bullfrogs
  11 killer bees
  A howler monkey (D:4)
  2 crimson imps (D:7)
  A quasit (D:7)
  6 orc priests
  5 orc wizards
  Crazy Yiuf (D:5)
  4 hounds
  2 jellies (D:8)
  3 iguanas
  5 worker ants
  A worker ant zombie (D:5)
  A howler monkey skeleton (D:5)
  5 gnolls
  9 adders
  4 shadow imps
  An ooze (D:1)
  An adder skeleton (D:4)
  An adder zombie (D:5)
  4 worms
  2 dart slugs
  8 leopard geckos
  16 orcs
  8 bats
  A bat zombie (D:4)
  4 giant cockroaches (D:1)
  10 goblins
  6 hobgoblins
  9 jackals
  2 quokkas
  2 ball pythons
  6 frilled lizards
  A jackal zombie (D:7)
  5 kobolds
  6 rats
  3 rat zombies (D:4)
193 creatures vanquished.

Vanquished Creatures (others)
  A crimson imp (D:5)
  A worker ant (D:5)
  An adder (D:5)
  A frilled lizard (D:5)
4 creatures vanquished.

Grand Total: 197 creatures vanquished

Notes
Turn   | Place    | Note
-------+----------+-------------------------------------------
     0 | D:1      | Azzok the Minotaur Fighter began the quest for the Orb.
     0 | D:1      | Reached XP level 1. HP: 19/19 MP: 0/0
   286 | D:1      | Reached skill level 3 in Long Blades
   291 | D:1      | Reached XP level 2. HP: 26/26 MP: 1/1
   389 | D:1      | Reached skill level 4 in Long Blades
   801 | D:1      | Reached XP level 3. HP: 31/31 MP: 2/2
  1592 | D:2      | Found an opulent altar of Gozag.
  1923 | D:2      | Reached XP level 4. HP: 40/40 MP: 3/3
  1990 | D:2      | Found a blossoming altar of Fedhas.
  2071 | D:2      | Reached skill level 5 in Long Blades
  2145 | D:2      | Found a faded altar of an unknown god.
  2391 | D:3      | Found a hide-covered altar of Uskayaw.
  2410 | D:3      | Found a glowing golden altar of the Shining One.
  2410 | D:3      | Found a shadowy altar of Dithmenos.
  2410 | D:3      | Found a basalt altar of Yredelemnul.
  2414 | D:3      | Found a bloodstained altar of Trog.
  2599 | D:3      | Found a stormy altar of Qazlal.
  2599 | D:3      | Found a snail-covered altar of Cheibriados.
  2863 | D:4      | Reached XP level 5. HP: 47/47 MP: 4/4
  2872 | D:4      | Reached skill level 6 in Long Blades
  2890 | D:4      | Reached skill level 5 in Fighting
  2896 | D:4      | Found a hazy altar of Hepliaklqana.
  2966 | D:4      | Found an ancient bone altar of Kikubaaqudgha.
  3329 | D:4      | Noticed Blork the orc
  3346 | D:4      | Killed Blork the orc
  3346 | D:4      | Reached XP level 6. HP: 52/56 MP: 5/5
  3445 | D:4      | Reached skill level 7 in Long Blades
  3470 | D:5      | Entered Level 5 of the Dungeon
  3516 | D:5      | Found a staircase to the Ecumenical Temple.
  3535 | D:5      | Noticed an ice beast
  3548 | D:5      | Killed an ice beast
  3568 | Temple   | Entered the Ecumenical Temple
  3611 | Temple   | Became a worshipper of Warmaster Okawaru
  3727 | D:5      | Noticed Grinder
  3797 | D:5      | Paralysed by Grinder for 3 turns
  3801 | D:5      | Killed Grinder
  3801 | D:5      | Reached skill level 8 in Long Blades
  3801 | D:5      | Reached XP level 7. HP: 40/64 MP: 6/6
  3900 | D:5      | Found Umicvi's Assorted Antiques.
  4025 | D:5      | Noticed Menkaure
  4031 | D:5      | Killed Menkaure
  4031 | D:5      | Reached * piety under Okawaru
  4031 | D:5      | Reached skill level 9 in Long Blades
  4031 | D:5      | Reached skill level 1 in Bows
  4031 | D:5      | Reached skill level 1 in Invocations
  4095 | D:5      | Found a shimmering altar of Xom.
  4166 | D:5      | Found a white marble altar of Elyvilon.
  4182 | D:5      | Found a runed door.
  4186 | D:5      | Noticed Crazy Yiuf
  4190 | D:5      | Killed Crazy Yiuf
  4700 | D:6      | Reached XP level 8. HP: 71/71 MP: 3/8
  5643 | D:7      | Found a deep blue altar of Sif Muna.
  5678 | D:7      | Noticed a hippogriff
  5691 | D:7      | Killed a hippogriff
  5691 | D:7      | Reached ** piety under Okawaru
  5838 | D:7      | Found a sparkling altar of Nemelex Xobeh.
  5937 | D:7      | Found a sacrificial altar of Ru.
  6120 | D:8      | Reached skill level 10 in Long Blades
  6208 | D:8      | Reached XP level 9. HP: 73/81 MP: 8/10
  6231 | D:8      | HP: 4/82 [poisoned by a killer bee]
  6559 | D:8      | Reached *** piety under Okawaru
  6559 | D:8      | Reached skill level 5 in Bows
  6938 | D:9      | Reached skill level 5 in Invocations
  7182 | D:9      | Received a gift from Okawaru
  7472 | D:9      | Reached skill level 11 in Long Blades
  7544 | D:9      | Reached **** piety under Okawaru
  7869 | D:9      | Reached XP level 10. HP: 64/91 MP: 13/13
  8249 | D:9      | Noticed a deep elf mage
  8254 | D:9      | Killed a deep elf mage
  8254 | D:9      | Reached ***** piety under Okawaru
  8254 | D:9      | Reached skill level 10 in Fighting
  8296 | D:10     | Entered Level 10 of the Dungeon
  8308 | D:10     | Found a staircase to the Orcish Mines.
  8388 | D:10     | Found a staircase to the Lair.
  8406 | D:10     | Killed an unseen horror
  8715 | D:10     | Noticed a hill giant
  8733 | D:10     | Slain by a hill giant

Skill      XL: |  1  2  3  4  5  6  7  8  9 10 |
---------------+-------------------------------+-----
Long Blades    | 3 4 5 6 8 9 10 11 | 11.9
Fighting       | 4 5 6 8 9 10 | 10.5
Bows           | 1 4 6 7 |  7.6
Invocations    | 1 3 5 7 |  7.0
Armour         | |  3.6
Shields        | |  3.6

Action                   |  1- 3 |  4- 6 |  7- 9 | 10-12 || total
-------------------------+-------+-------+-------+-------++-------
Melee: Long sword        |    92 |   156 |   374 |   135 ||   757
       Headbutt          |    13 |    36 |    91 |    31 ||   171
Invok: Heroism           |       |       |     3 |     1 ||     4
  Use: Potion            |       |       |       |     1 ||     1
 Stab: Paralysed         |       |       |     1 |       ||     1
  Eat: Chunk             |     3 |     6 |    12 |     5 ||    26
Armor: Scale mail        |    44 |    57 |    48 |       ||   149
       Plate armour      |       |       |   138 |    72 ||   210
Dodge: Dodged            |    26 |    31 |    90 |     7 ||   154
Block: Shield            |    39 |    50 |   178 |    61 ||   328
       Rpst.: Long sword |     9 |     8 |    26 |     2 ||    45
